Map: Sequencer LE

Players

Elazer - Winner!

  • Race: Zerg Zerg
  • Spawn Location: 1:00

Snute

  • Race: Zerg Zerg
  • Spawn Location: 7:00

Event: WCS Valencia 2017

VOD

Have the link to the VOD?

Description

Time

  • Played on: July 15, 2017, 2:36 p.m.
  • Length: 9:02

All games in this series

Show
View Real Time Build Order
Export as new Build Order

Elazer Zerg - Winner!

Build Orders: Hatch First 

Get SALT Encoding   

  12  0:00  Drone  
  13  0:12  Overlord  
  13  0:17  Drone  
  14  0:30  Drone x2  
  14  0:35  Drone  
  17  0:51  Hatchery  
  17  0:54  Drone  
  17  0:57  Drone  
  17  1:01  Extractor  
  17  1:13  Spawning Pool  
  17  1:16  Drone  
  17  1:19  Drone  
  18  1:28  Drone  
  19  1:40  Overlord  
  19  1:50  Drone  
  20  2:00  Queen, Zergling x2  
  23  2:03  Metabolic Boost  
  23  2:04  Queen  
  23  2:07  Zergling x2  
  26  2:11  Drone  
  26  2:14  Drone  
  28  2:21  Drone  
  29  2:25  Drone  
  30  2:37  Hatchery  
  30  2:43  Queen  
  31  2:47  Drone  
  31  2:51  Overlord  
  32  2:53  Drone  
  32  2:56  Drone  
  32  2:57  Drone  
  35  3:00  Drone  
  36  3:10  Zergling x2  
  36  3:11  Zergling x6  
  40  3:17  Drone  
  40  3:19  Zergling x6  
  43  3:26  Zergling x2  
  43  3:32  Overlord  
  43  3:36  Zergling x2  
  42  3:42  Zergling x2  
  42  3:45  Overlord  
  43  3:48  Queen  
  43  3:50  Baneling Nest  
  43  3:52  Zergling x2  
  43  3:53  Zergling x8  
  49  3:58  Zergling x6  
  49  4:01  Overlord  
  52  4:06  Drone  
  52  4:08  Drone  
  54  4:16  Overlord  
  53  4:20  Drone x4  
  53  4:23  Overlord  
  56  4:24  Drone  
  56  4:30  Extractor, Drone  
  58  4:31  Lair  
  58  4:32  Drone x2  
  56  4:38  Drone  
  56  4:39  Drone  
  56  4:40  Drone x2  
  56  4:42  Overlord  
  56  4:44  Drone  
  61  4:48  Drone  
  60  4:53  Extractor, Drone x3  
  60  4:54  Evolution Chamber  
  60  4:55  Drone  
  60  4:57  Drone  
  64  5:00  Drone  
  64  5:01  Drone  
  64  5:05  Zergling x8  
  66  5:13  Overlord  
  63  5:17  Extractor  
  63  5:18  Extractor, Zergling x8  
  63  5:19  Extractor  
  64  5:29  Drone x3  
  64  5:34  Spire, Drone x2  
  68  5:37  Overlord  
  68  5:43  Drone x4  
  72  5:50  Roach Warren  
  72  5:52  Drone  
  72  5:53  Drone  
  72  5:54  Drone  
  74  5:58  Overlord  
  74  6:05  Overlord  
  74  6:06  Overseer  
  74  6:15  Overlord  
  73  6:30  Roach x11  
  95  6:36  Glial Reconstitution  
  95  6:38  Zerg Missile Weapons Level 1  
  95  6:40  Roach x3  
  95  6:46  Roach  
  109  6:47  Roach x3  
  109  6:54  Roach x3  
  115  6:57  Overlord  
  115  6:59  Roach  
  117  7:03  Roach x2  
  117  7:06  Roach  
  117  7:07  Roach  
  126  7:08  Ravager x3  
  126  7:13  Roach x2  
  120  7:23  Roach x5  
  122  7:37  Mutalisk x5  
  122  7:43  Mutalisk x2  
  136  7:44  Mutalisk  
  138  7:54  Overlord x2  
  138  8:14  Roach x8  
  138  8:21  Roach x4  
  138  8:24  Roach  
  142  8:27  Roach x2  
  142  8:28  Ravager  
  142  8:30  Roach  
  142  8:31  Ravager  
  142  8:32  Ravager  
  142  8:33  Roach  
  144  8:37  Roach x2  
  138  8:41  Ravager  
  138  8:42  Roach x2  
  138  8:46  Ravager x2  
  149  8:57  Ravager  
Show
View Real Time Build Order
Export as new Build Order

Snute Zerg 

Build Orders: Hatch First 

Get SALT Encoding   

  12  0:00  Drone  
  13  0:12  Overlord  
  13  0:17  Drone  
  14  0:30  Drone x2  
  14  0:34  Drone  
  17  0:52  Hatchery  
  17  0:55  Drone  
  17  0:58  Drone  
  17  1:00  Extractor  
  17  1:14  Spawning Pool  
  17  1:17  Drone  
  17  1:20  Drone  
  18  1:27  Drone  
  19  1:38  Overlord  
  19  1:49  Drone  
  20  2:00  Queen, Metabolic Boost  
  22  2:03  Queen  
  22  2:06  Drone  
  25  2:09  Drone  
  25  2:12  Zergling x2  
  25  2:15  Zergling x2  
  28  2:33  Hatchery  
  28  2:35  Zergling x4  
  29  2:42  Zergling x4  
  31  2:45  Overlord  
  31  2:48  Zergling x2  
  32  2:55  Zergling x2  
  33  2:59  Zergling x2  
  33  3:03  Queen  
  37  3:05  Zergling x2  
  37  3:08  Drone x2  
  37  3:11  Drone  
  37  3:12  Drone  
  41  3:17  Overlord  
  41  3:22  Drone x2  
  41  3:27  Drone  
  44  3:32  Overlord  
  43  3:35  Drone x2  
  43  3:39  Drone  
  44  3:43  Drone  
  44  3:44  Drone x2  
  44  3:46  Drone  
  47  3:48  Drone  
  47  3:54  Lair  
  48  4:01  Evolution Chamber  
  47  4:04  Roach Warren  
  47  4:05  Drone  
  47  4:06  Drone  
  47  4:08  Drone  
  49  4:11  Drone  
  49  4:12  Drone  
  49  4:13  Drone  
  49  4:15  Drone  
  49  4:17  Drone  
  53  4:19  Drone  
  52  4:27  Evolution Chamber  
  52  4:29  Zergling x2  
  52  4:30  Zergling x8  
  56  4:33  Overlord  
  56  4:34  Zergling x2  
  56  4:35  Zergling x2  
  53  4:40  Zergling x8  
  57  4:46  Extractor  
  57  4:47  Roach  
  58  4:54  Roach x2  
  58  4:58  Zerg Missile Weapons Level 1  
  58  4:59  Drone x6  
  65  5:04  Drone x4  
  65  5:06  Drone  
  69  5:11  Drone x2  
  69  5:12  Drone  
  70  5:17  Extractor  
  70  5:19  Queen x2  
  73  5:21  Drone  
  73  5:25  Overlord  
  73  5:27  Overlord  
  72  5:36  Overlord  
  71  5:51  Roach x2  
  71  5:53  Roach  
  71  5:55  Queen x2  
  71  5:56  Roach  
  82  6:09  Nydus Network  
  82  6:10  Roach  
  82  6:14  Roach  
  82  6:15  Overlord x2  
  82  6:18  Queen  
  84  6:20  Roach x4  
  84  6:23  Extractor  
  93  6:26  Unknown, Overlord  
  93  6:28  Overlord  
  93  6:31  Queen x2  
  97  6:33  Overlord  
  97  6:34  Overlord x2  
  97  6:45  Nydus Canal  
  97  6:54  Queen, Roach x9  
  111  7:00  Roach  
  119  7:06  Roach x2  
  125  7:09  Roach  
  123  7:19  Roach x3  
  118  7:28  Roach x4  
  117  7:37  Drone x4  
  103  7:38  Drone  
  103  7:39  Extractor, Drone x2  
  105  7:48  Drone  
  105  7:49  Drone x5  
  111  7:53  Hatchery  
  110  7:58  Overlord  
  110  8:02  Overlord  
  110  8:05  Roach x2  
  114  8:07  Roach x2  
  117  8:15  Roach  
  117  8:16  Roach x2  
  103  8:20  Roach x3  
  95  8:29  Roach x4  
  95  8:31  Roach  
  92  8:38  Roach  
  72  8:54  Spore Crawler  
Tags
 
Add a new tag
Caveats
  • Supply blocks, unpowered buildings, or Contaminate may cause inaccurate times.
  • Supply counts are checked every 10 seconds.